 Dungeon Crawl Stone Soup version 0.23.2-30-g0e89c35649 (webtiles) character file.

Game seed: 10775084426436297136

397 Hatywr the Cleaver (level 6, 0/51 HPs)
             Began as a Hill Orc Monk on June 25, 2019.
             Succumbed to an ogre zombie's poison
             ... on level 5 of the Dungeon.
             The game lasted 00:08:36 (4954 turns).

Hatywr the Cleaver (Hill Orc Monk)                  Turns: 4954, Time: 00:08:37

Health: 0/51       AC:  9    Str: 16    XL:     6   Next: 83%
Magic:  6/6        EV:  8    Int: 10    God:
Gold:   216        SH:  9    Dex: 13    Spells: 5/5 levels left

rFire    . . .     SeeInvis .   a - +1 hand axe
rCold    . . .     Gourm    .   o - +2 shield
rNeg     . . .     Faith    .   q - +0 ring mail
rPois    .         Spirit   .   (no helmet)
rElec    .         Reflect  .   v - +2 cloak
rCorr    .         Harm     .   (no gloves)
MR       .....                  t - +0 pair of boots
Stlth    +.........             (no amulet)
HPRegen  0.17/turn              (no ring)
MPRegen  0.10/turn              (no ring)

@: lethally poisoned (0 -> -40), hasted, very quick
A: no striking features
a: no special abilities


You were on level 5 of the Dungeon.
You were near starving.

You visited 1 branch of the dungeon, and saw 5 of its levels.

You collected 216 gold pieces.

Inventory:

Hand Weapons
 a - a +1 hand axe (weapon)
Armour
 b - a +0 robe
 o - a +2 shield (worn)
 q - a +0 ring mail (worn)
 t - a +0 pair of boots (worn)
 v - a +2 cloak (worn)
Jewellery
 h - a +2 ring of dexterity {unknown}
 n - an uncursed ring of stealth {unknown}
Scrolls
 e - a scroll of enchant armour {unknown}
 f - 2 scrolls of enchant weapon
 i - a scroll of magic mapping
 k - 2 scrolls of identify
 l - a scroll of noise
 m - 2 scrolls of teleportation
Potions
 d - 4 potions of haste
Comestibles
 c - 7 rations


   Skills:
 - Level 3.6 Fighting
 + Level 9.7 Axes
 - Level 2.4 Dodging
 - Level 1.5 Stealth


You had 5 spell levels left.
You didn't know any spells.
Your spell library was empty.

Dungeon Overview and Level Annotations

Branches:
Dungeon (5/15)             Temple (0/1) D:4

Altars:
Makhleb


Message History

You hit the ogre zombie.
The ogre zombie is heavily damaged.
The ogre zombie hits you with a +0 giant spiked club of venom!
* * * LOW HITPOINT WARNING * * *
You are lethally poisoned!
It was a potion of heal wounds.
You feel much better.
You feel sick.
You feel sick.
The ogre zombie hits you with a +0 giant spiked club of venom!
* * * LOW HITPOINT WARNING * * *
You are more poisoned.
There is a transporter here.
You enter the transporter and appear at another place.
* * * LOW HITPOINT WARNING * * *
You feel very sick.
The ogre zombie hits you with a +0 giant spiked club of venom!
* * * LOW HITPOINT WARNING * * *
You are more poisoned.
Okay, then.
You feel yourself speed up.
You die...

##....# .#
#.....# ..#
#.....# ..#
#.....# ..#
#....# #.
#....## #
##....# #
#...@Z##
###########
#○°°$§.☼☼☼#
#☼°°$$$°○°#
#☼○°...°○°#
#°°○☼.○○☼°#
#○○°☼☼○○○○#
####○°°####
#○○....○#####
#


You could see an ogre zombie.

Vanquished Creatures
  A centaur (D:4)
  A scorpion (D:4)
  A bullfrog zombie (D:3)
  Jessica (D:3)
  An ogre zombie (D:5)
  8 adders
  An orc zombie (D:5)
  4 oozes
  2 worms (D:2)
  3 dart slugs
  4 leopard geckos
  4 orcs
  5 giant cockroaches
  8 hobgoblins
  3 jackals (D:2)
  2 quokkas (D:4)
  2 ball pythons
  6 bats
  8 frilled lizards
  8 goblins
  9 kobolds
  A leopard gecko skeleton (D:4)
  10 rats
93 creatures vanquished.

Notes
Turn   | Place    | Note
-------+----------+-------------------------------------------
     0 | D:1      | Hatywr the Hill Orc Monk began the quest for the Orb.
     0 | D:1      | Reached XP level 1. HP: 19/19 MP: 1/1
     2 | D:1      | Noticed a tengu
     2 | D:1      | Noticed a gargoyle
     4 | D:1      | Noticed a ghoul
     4 | D:1      | Noticed a minotaur
     6 | D:1      | Noticed a felid
     8 | D:1      | Noticed a troll
    10 | D:1      | Noticed a draconian
    10 | D:1      | Noticed a dwarf
    12 | D:1      | Noticed a demonspawn
    12 | D:1      | Noticed a human
    14 | D:1      | Noticed an ogre
    14 | D:1      | Noticed a centaur
    16 | D:1      | Noticed a vampire
    18 | D:1      | Noticed a formicid
    18 | D:1      | Noticed a demigod
    20 | D:1      | Noticed a naga
    20 | D:1      | Noticed a spriggan
    22 | D:1      | Noticed a halfling
    24 | D:1      | Noticed a merfolk
    24 | D:1      | Noticed an octopode
    26 | D:1      | Noticed an elf
    26 | D:1      | Noticed a vine stalker
   320 | D:1      | Reached XP level 2. HP: 23/26 MP: 2/2
   399 | D:1      | Reached skill level 5 in Axes
   821 | D:1      | Reached XP level 3. HP: 28/31 MP: 3/3
  1350 | D:2      | Reached skill level 6 in Axes
  1636 | D:2      | Reached XP level 4. HP: 37/39 MP: 4/4
  1989 | D:2      | Reached skill level 7 in Axes
  2625 | D:2      | Reached XP level 5. HP: 45/45 MP: 5/5
  3218 | D:3      | Noticed Jessica
  3242 | D:3      | Killed Jessica
  3244 | D:3      | Reached skill level 8 in Axes
  4161 | D:4      | Reached XP level 6. HP: 49/51 MP: 6/6
  4233 | D:4      | Found a burning altar of Makhleb.
  4233 | D:4      | Noticed an Executioner
  4236 | D:4      | Noticed a neqoxec
  4236 | D:4      | Noticed a smoke demon
  4267 | D:4      | Reached skill level 9 in Axes
  4458 | D:4      | Found a staircase to the Ecumenical Temple.
  4700 | D:5      | Entered Level 5 of the Dungeon
  4747 | D:5      | Found a transporter.
  4758 | D:5      | Found a transporter.
  4954 | D:5      | Succumbed to an ogre zombie's poison

Skill      XL: |  1  2  3  4  5  6 |
---------------+-------------------+-----
Axes           | 5 6 7 8 9 |  9.7
Fighting       | |  3.6
Dodging        | |  2.4
Stealth        | |  1.5

Action                   |  1- 3 |  4- 6 || total
-------------------------+-------+-------++-------
Melee: Hand axe          |   125 |   230 ||   355
  Use: Scroll            |     1 |     7 ||     8
       Potion            |       |     7 ||     7
 Stab: Distracted        |     1 |       ||     1
       Sleeping          |     8 |     2 ||    10
  Eat: Chunk             |     2 |     6 ||     8
       Ration            |       |     1 ||     1
Armor: Robe              |    15 |     8 ||    23
       Ring mail         |       |    49 ||    49
Dodge: Dodged            |    46 |    82 ||   128
Block: Shield            |    20 |    99 ||   119
